 Dungeon Crawl Stone Soup version 0.31.0-32-g396128a36d (webtiles) character file.

Game seed: 1093900932678209861

3565 suse60 the Fighter (level 9, -10/78 HPs)
             Began as a Demonspawn Monk on Apr 1, 2024.
             Was a Priest of Nemelex Xobeh.
             Mangled by Gastronok (25 damage)
             ... on level 9 of the Dungeon on Apr 2, 2024.
             The game lasted 00:51:22 (8694 turns).

suse60 the Fighter (Demonspawn Monk)                Turns: 8694, Time: 00:51:23

Health: -10/78     AC: 20    Str: 16    XL:     9   Next: 84%
Magic:  13/13      EV:  8    Int: 10    God:    Nemelex Xobeh [***...]
Gold:   390        SH:  0    Dex: 22    Spells: 8/8 levels left

rFire   + . .        o - +1 war axe
rCold   . . .        d - orb {light}
rNeg    . . .        G - +0 chain mail {rF+}
rPois   .            (helmet restricted)
rElec   .            a - +0 cloak
rCorr   .            s - +2 pair of gloves
SInv    .            l - +0 pair of boots
Will    .....        (no amulet) Stlth
                     h - +6 ring of dexterity
HPRegen 0.33/turn    v - +4 ring of protection
MPRegen 0.13/turn

%: no passive effects
@: mighty, slowed, glowing, very slow
A: antennae 2, yellow scales 2, powered by death 2, powered by pain 1
a: Renounce Religion, Draw Escape, Draw Destruction, Draw Summoning, Triple Draw


You were on level 9 of the Dungeon.
You worshipped Nemelex Xobeh.
Nemelex Xobeh was most pleased with you.
You visited 2 branches of the dungeon, and saw 10 of its levels.
You also visited: Sewer.

You collected 446 gold pieces.
You spent 56 gold pieces at shops.

Inventory:

Hand Weapons
 o - a +1 war axe (weapon)
Missiles
 r - a throwing net (quivered)
Armour
 a - a +0 cloak (worn)
 d - an orb of light (worn)
 l - a +0 pair of boots (worn)
 s - a +2 pair of gloves (worn)
 G - a +0 chain mail of fire resistance (worn)
Jewellery
 h - a +6 ring of dexterity (left hand)
 u - a ring of protection from cold
 v - a +4 ring of protection (right hand)
 x - the amulet of Juex {*Slow rElec Regen+ SInv}
   (You found it on level 4 of the Dungeon)

   [amulet of regeneration]

   rElec:     It insulates you from electricity.
   SInv:      It lets you see invisible.
   Regen+:    It increases your rate of health regeneration.
   *Slow:     It may slow you when you take damage.
 y - a ring of flight
Talismans
 n - a beast talisman
Wands
 e - a wand of roots (8)
Scrolls
 f - a scroll of silence {unknown}
 i - 2 scrolls of teleportation
 j - a scroll of fear {unknown}
 k - 2 scrolls of blinking {unknown}
 m - 2 scrolls of enchant armour {unknown}
 p - a scroll of poison {unknown}
 t - 2 scrolls of fog {unknown}
 w - 2 scrolls of butterflies {unknown}
 A - 2 scrolls of brand weapon {unknown}
 F - a scroll of vulnerability {unknown}
Potions
 b - a potion of resistance
 c - 2 potions of brilliance
 g - a potion of invisibility
 q - 3 potions of cancellation
 z - a potion of mutation {unknown}
 B - a potion of lignification {unknown}
 C - a potion of attraction {unknown}
 D - a potion of ambrosia


   Skills:
 - Level 10.0 Fighting
 + Level 9.2 Axes
 + Level 1.0 Armour
 - Level 2.6 Dodging
 + Level 5.4 Invocations


You had 8 spell levels left.
You didn't know any spells.
Your spell library contained the following spells:

 Spells                   Type           Power      Damage    Failure   Level
 Summon Small Mammal      Summ           0%         N/A       99%         1
 Ensorcelled Hibernation  Hex/Ice        0%         N/A       100%        2
 Call Canine Familiar     Summ           0%         N/A       100%        3
 Fugue of the Fallen      Necr           0%         N/A       100%        3
 Gell's Gravitas          Tloc           0%         N/A       100%        3
 Ozocubu's Armour         Ice            0%         N/A       100%        3
 Teleport Other           Tloc           0%         N/A       100%        3
 Anguish                  Hex/Necr       0%         N/A       100%        4
 Manifold Assault         Tloc           0%         N/A       100%        4
 Summon Blazeheart Golem  Fire/Summ      0%         N/A       100%        4
 Dispersal                Tloc           0%         N/A       100%        6


Dungeon Overview and Level Annotations

Branches:
Dungeon (9/15)             Temple (1/1) D:7           Sewer (visited)
   Lair: D:8-11         Orc: D:9-12

Altars:
Ashenzari
Cheibriados
Dithmenos
Fedhas
Gozag
Hepliaklqana
Kikubaaqudgha
Makhleb
Nemelex Xobeh
Okawaru
Qazlal
Sif Muna
Trog
Uskayaw
Vehumet
Wu Jian
Xom
Yredelemnul

Shops:
D:4 *   D:6 *   D:9 *

Annotations:
D:9 Gastronok


Innate Abilities, Weirdness & Mutations

You have a pair of antennae on your head.
You are mostly covered in yellow scales. (AC +3)
You regenerate health from kills.
You sometimes gain a little power by taking damage.


Message History

You draw a card...
You have drawn Wild Magic.
Nothing appears to happen.
The deck of cards glows with a rainbow of weird colours and disappears.
Gastronok gurgles, "Slow down, so I can eat you."
Gastronok barely misses you.
You hit Gastronok.
Gastronok is heavily wounded.
Gastronok bites you but does no damage.
You slash Gastronok!
Gastronok is severely wounded.
Gastronok closely misses you.
You hit Gastronok.
Gastronok is severely wounded.
You hit Gastronok but do no damage.
Gastronok is severely wounded.
Gastronok chants a spell, wobbling all the while.
You hit Gastronok.
Gastronok is severely wounded.
You slash the bat!
You kill the bat!
The bat's corpse disappears in a puff of smoke!
Gastronok waves his eye-stalks in wide circles.
The air twists around and strikes you!!
* * * LOW HITPOINT WARNING * * *
You focus on the pain.
You feel very mighty all of a sudden. The quokka barely misses you.
You hit Gastronok.
Gastronok is severely wounded.
You hit the quokka. The quokka bites you.
* * * LOW HITPOINT WARNING * * *
Gastronok mumbles some strange words.
You slash Gastronok!
Gastronok is almost dead.
You slash the quokka!
You kill the quokka!
The quokka's corpse disappears in a puff of smoke!
The bat hits you but does no damage. x2; Gastronok bites you!!
You die...
Gastronok gurgles, "Let's see if you taste as good as that wizard did."
Your body glows slightly brighter and disappears.

#..#####..# #..#
#..# #..# #..#
#..# #..# ##
#..#####..# ...
#.........# ....
.....|...###.....
.................
.........@w......
..........b......
......>..........
.................
.###.............
#.............
#.............
#.............


You could see Gastronok and a bat (summoned).

Vanquished Creatures
  Maggie (D:7)
  Eustachio (D:6)
  3 steam dragons (D:6)
  An orc warrior (D:8)
  2 black bears
  An ice beast (D:7)
  A sky beast (D:6)
  A crocodile (Sewer)
  2 ogres
  A phantom (D:5)
  2 kobold brigands
  4 bullfrogs
  A gnoll sergeant (D:7)
  3 scorpions
  6 killer bees
  3 howler monkeys (D:8)
  An electric eel (D:8)
  2 jellies
  A bombardier beetle (D:4)
  6 hounds
  2 orc priests
  Jessica (D:2)
  2 orc wizards (D:8)
  2 sleepcaps
  8 iguanas
  7 gnolls
  2 river rats (D:6)
  4 adders
  A shadow imp (D:4)
  A white imp (D:6)
  A ribbon worm (D:3)
  5 dart slugs
  21 orcs
  8 endoplasms
  9 giant cockroaches
  9 goblins
  4 hobgoblins
  6 jackals
  16 kobolds
  5 quokkas
  9 ball pythons
  7 bats
  A frilled lizard (D:2)
  6 rats
180 creatures vanquished.

Vanquished Creatures (collateral kills)
  A gnoll (D:7)
1 creature vanquished.

Grand Total: 181 creatures vanquished

Notes
Turn   | Place    | Note
-------+----------+-------------------------------------------
     0 | D:1      | suse60 the Demonspawn Monk began the quest for the Orb.
     0 | D:1      | Reached XP level 1. HP: 18/18 MP: 1/1
   146 | D:1      | Gained mutation: You regenerate a little health from kills.
                  | [demonic ancestry]
   146 | D:1      | Reached XP level 2. HP: 24/24 MP: 2/2
   630 | D:1      | Gained mutation: You have a pair of small antennae on your
                  | head. [demonic ancestry]
   630 | D:1      | Reached XP level 3. HP: 28/29 MP: 3/3
  1118 | D:2      | Reached skill level 4 in Fighting
  1156 | D:2      | You fall into a shaft and drop 2 floors!
  1209 | D:2      | Noticed Jessica
  1238 | D:2      | Killed Jessica
  1239 | D:2      | Gained mutation: You are partially covered in yellow
                  | scales. (AC +2) [demonic ancestry]
  1239 | D:2      | Reached XP level 4. HP: 20/37 MP: 4/4
  2226 | D:2      | Gained mutation: You have a pair of antennae on your head.
                  | [demonic ancestry]
  2226 | D:2      | Reached XP level 5. HP: 26/43 MP: 5/5
  2724 | D:4      | Noticed a black bear
  2734 | D:4      | Killed a black bear
  2735 | D:4      | Reached skill level 5 in Fighting
  2767 | D:4      | Gained mutation: You regenerate health from kills. [demonic
                  | ancestry]
  2767 | D:4      | Reached XP level 6. HP: 45/51 MP: 6/6
  2956 | D:4      | Reached skill level 5 in Axes
  2997 | D:4      | Found Zin's Purification Station.
  3105 | D:4      | Found a blossoming altar of Fedhas.
  3116 | D:4      | Identified the amulet of Juex {*Slow rElec Regen+ SInv}
  3220 | D:4      | Found a broken altar of Ashenzari.
  3468 | D:5      | Entered Level 5 of the Dungeon
  3531 | D:4      | Reached skill level 6 in Fighting
  3531 | D:4      | Reached XP level 7. HP: 45/58 MP: 7/7
  4200 | D:5      | Reached skill level 7 in Fighting
  4260 | D:5      | Found a stormy altar of Qazlal.
  4340 | D:5      | Gained mutation: You sometimes gain a little power by
                  | taking damage. [demonic ancestry]
  4340 | D:5      | Reached XP level 8. HP: 57/67 MP: 8/8
  4496 | D:6      | Noticed Eustachio
  4498 | D:6      | Found Bisir's Assorted Antiques.
  4536 | D:6      | Killed Eustachio
  4549 | D:6      | Bought a scroll labelled NIETSOZ VUCY for 28 gold pieces
  4549 | D:6      | Bought a scroll labelled ICYTTONEUB for 28 gold pieces
  4753 | D:6      | Reached skill level 8 in Fighting
  4761 | D:6      | Found a glowing drain.
  4765 | Sewer    | Entered a sewer
  5573 | D:6      | Gained mutation: You are mostly covered in yellow scales.
                  | (AC +3) [demonic ancestry]
  5573 | D:6      | Reached XP level 9. HP: 71/75 MP: 9/9
  5587 | D:6      | Reached skill level 9 in Fighting
  6146 | D:7      | Found a sparkling altar of Nemelex Xobeh.
  6179 | D:7      | Became a worshipper of Nemelex Xobeh the Trickster
  6179 | D:7      | Reached * piety under Nemelex Xobeh
  6179 | D:7      | Received a gift from Nemelex Xobeh
  6179 | D:7      | Reached ** piety under Nemelex Xobeh
  6212 | D:7      | Found a burning altar of Makhleb.
  6278 | D:7      | Noticed Maggie
  6281 | D:7      | Found a staircase to the Ecumenical Temple.
  6290 | Temple   | Entered the Ecumenical Temple
  6433 | D:7      | Killed Maggie
  7138 | D:8      | Received a gift from Nemelex Xobeh
  7204 | D:8      | Found an ancient bone altar of Kikubaaqudgha.
  7711 | D:8      | Found an ornate altar of the Wu Jian Council.
  7812 | D:8      | Reached skill level 10 in Fighting
  7812 | D:8      | Reached skill level 5 in Invocations
  7872 | D:8      | Reached *** piety under Nemelex Xobeh
  8141 | D:8      | Found an iron altar of Okawaru.
  8564 | D:9      | Found Vapsuk's Neck Hole.
  8610 | D:9      | Reached skill level 1 in Armour
  8667 | D:9      | Noticed Gastronok
  8694 | D:9      | Mangled by Gastronok

Illustrated notes

Levels and vault maps discovered:
D:1:      mainiacjoe_arrival_reflecting_pool, layout_basic
D:2:      layout_loops_corners, basic_altar, hangedman_decor_growths,
          minmay_pentomino_w2, uniq_jessica
D:3:      layout_rooms
D:4:      layout_cave_pools, zin_purify,
          mainiacjoe_overflow_concentric_impassable, ashenzari_altar_1,
          nrook_mini_vaults, corexii_item_surrounded_by_moat
D:5:      layout_loops_ring, marbit_many_paths, chequers_hall_statues_y
D:6:      kennysheep_steamy, layout_loops_corners, gup_sewer_entry_spiral,
          serial_shops, nicolae_shop_getting_attention, uniq_eustachio
D:7:      layout_basic, amcnicky_altar_gilded, nicolae_overflow_hidden_temple,
          lemuel_tele_altar, minmay_temple_entry_stoned_glass, uniq_maggie
D:8:      layout_basic, mainiacjoe_overflow_boulevard,
          nicolae_kikubaaqudgha_miasma_corner, okawaru_gym_becter
D:9:      layout_stronghold, nicolae_ru_awakened_eye, erik_orc_4,
          nicolae_shop_sticking_my_neck_out, uniq_harold, uniq_gastronok
Temple:   hellmonk_temple_of_storms

Skill      XL: |  1  2  3  4  5  6  7  8  9 |
---------------+----------------------------+-----
Axes           | 3 4 5 6 8 9 |  9.2
Fighting       | 4 5 6 7 8 10 | 10.0
Invocations    | 5 |  5.4
Armour         | 1 |  1.0
Dodging        | |  2.6

Action                     |  1- 3 |  4- 6 |  7- 9 || total
---------------------------+-------+-------+-------++-------
  Melee: Hand axe          |   107 |   172 |   400 ||   679
         War axe           |       |       |   124 ||   124
  Throw: Throwing net      |     1 |       |       ||     1
 Invoke: Draw Destruction  |       |       |     7 ||     7
         Draw Summoning    |       |       |     2 ||     2
         Draw Escape       |       |       |     1 ||     1
  Evoke: Wand              |       |     6 |    11 ||    17
    Use: Scroll            |     3 |     5 |     6 ||    14
         Potion            |       |       |    11 ||    11
   Stab: Held in net/web   |     1 |       |       ||     1
 Armour: Robe              |    46 |       |       ||    46
         Leather armour    |     7 |    10 |       ||    17
         Ring mail         |       |    90 |   199 ||   289
         Steam dragon scal |       |       |    65 ||    65
         Chain mail        |       |       |   106 ||   106
  Dodge: Dodged            |    50 |   100 |   303 ||   453
